 Dungeon Crawl Stone Soup version 0.30-b1-2-g02819fbbbe (webtiles) character file.

Game seed: 13357848462697436559

20348 Borgoz the Cruncher (level 13, -1/103 HPs)
             Began as a Human Gladiator on June 25, 2023.
             Slain by a salamander
             ... wielding a +0 halberd
              (9 damage)
             ... in a volcano.
             The game lasted 00:25:13 (14366 turns).

Borgoz the Cruncher (Human Gladiator)              Turns: 14366, Time: 00:25:14

Health: -1/103     AC: 25    Str: 25    XL:     13   Next: 11%
Magic:  13/13      EV: 12    Int:  9    God:
Gold:   1233       SH:  5    Dex: 16    Spells: 12/12 levels left

rFire   . . .        b - +2 quarterstaff (flame)
rCold   . . .        (shield currently unavailable)
rNeg    . . .        E - +1 plate armour {rF+}
rPois   +            c - +0 helmet
rElec   .            v - +0 cloak
rCorr   .            x - +2 pair of gloves
SInv    .            (no boots)
Will    +....        f - amulet "Tumm" {Reflect Rampage rF- Will+ Str+7 SH+5} Stlth
                     q - +4 ring of protection
HPRegen 0.37/turn    r - ring of poison resistance
MPRegen 0.13/turn

%: reflection, rampage
@: mighty, marked, hasted, invisible, very quick
A: no striking features
a: no special abilities


You were in a volcano.
You visited 3 branches of the dungeon, and saw 14 of its levels.
You also visited: Volcano.

You collected 1233 gold pieces.

Inventory:

Hand Weapons
 a - a +4 quarterstaff
 b - a +2 quarterstaff of flaming (weapon)
Missiles
 e - 4 javelins (quivered)
 B - 18 poisoned darts
Armour
 c - a +0 helmet (worn)
 l - a +0 troll leather armour
 o - a +1 scale mail of willpower
 v - a +0 cloak (worn)
 w - the +6 scale mail of Tuet {SInv}
   (You took it off a hobgoblin on level 4 of the Dungeon)

   SInv:      It lets you see invisible.
 x - a +2 pair of gloves (worn)
 E - a +1 plate armour of fire resistance (worn)
 J - +0 acid dragon scales
 O - a +1 leather armour of fire resistance
Jewellery
 f - the amulet "Tumm" (around neck) {Reflect Rampage rF- Will+ Str+7 SH+5}
   (You found it on level 9 of the Dungeon)

   [amulet of reflection]

   It reflects blocked missile attacks.
   Str:       It affects your strength (+7).
   rF:        It makes you vulnerable to fire.
   SH:        It affects your SH (+5).
   Rampage:   It bestows one free step when moving towards enemies.
   Will:      It increases your willpower.
 q - a +4 ring of protection (left hand)
 r - a ring of poison resistance (right hand)
 H - a ring of magical power
Wands
 d - a wand of roots (7)
 i - a wand of paralysis (3)
 k - a wand of digging (12)
 z - a wand of quicksilver (9)
 A - a wand of mindburst (7)
Scrolls
 h - 2 scrolls of teleportation
 n - 4 scrolls of blinking
 y - 5 scrolls of amnesia
 C - 4 scrolls of poison
 F - a scroll of fog
 K - a scroll of identify
Potions
 g - 3 potions of magic
 j - a potion of cancellation
 m - a potion of attraction
 p - 2 potions of flight
 s - 2 potions of lignification
 t - 4 potions of mutation
 u - 3 potions of brilliance
 D - 5 potions of curing
 I - 2 potions of heal wounds
 L - a potion of haste
 N - 3 potions of resistance


   Skills:
 + Level 10.0 Fighting
 + Level 12.9 Staves
 - Level 2.0 Throwing
 + Level 9.8 Armour
 + Level 10.2 Dodging


You had 12 spell levels left.
You didn't know any spells.
Your spell library contained the following spells:

 Spells                   Type           Power      Damage    Failure   Level
 Magic Dart               Conj           0%         1d3       99%         1
 Sandblast                Erth           0%         2d4       99%         1
 Call Imp                 Summ           0%         N/A       99%         2
 Cigotuvi's Dreadful Rot  Necr/Pois/Air  0%         N/A       99%         2
 Passwall                 Tmut/Erth      0%         N/A       99%         2
 Sublimation of Blood     Necr           0%         N/A       99%         2
 Dazzling Flash           Conj/Hex       0%         N/A       100%        3
 Ignite Poison            Fire/Tmut/Pois 0%         N/A       100%        3
 Mephitic Cloud           Conj/Pois/Air  0%         N/A       100%        3
 Stone Arrow              Conj/Erth      0%         3d7       100%        3
 Volatile Blastmotes      Fire/Tloc      0%         2d10      100%        3
 Anguish                  Hex/Necr       0%         N/A       100%        4
 Cause Fear               Hex            0%         N/A       100%        4
 Iskenderun's Mystic Bla  Conj/Tloc      0%         2d3       100%        4
 Petrify                  Tmut/Erth      0%         N/A       100%        4
 Freezing Cloud           Conj/Ice/Air   0%         6-21      100%        5
 Irradiate                Conj/Tmut      0%         3d11      100%        5
 Starburst                Conj/Fire      0%         6d3       100%        6
 Enfeeble                 Hex            0%         N/A       100%        7


Dungeon Overview and Level Annotations

Branches:
Dungeon (12/15)            Temple (1/1) D:4            Lair (1/5) D:9
    Orc (0/2) D:10        Volcano (1/1)

Altars:
Ashenzari
Cheibriados
Dithmenos
Elyvilon
Fedhas
Gozag
Hepliaklqana
Kikubaaqudgha
Makhleb
Nemelex Xobeh
Okawaru
Qazlal
Ru
Sif Muna
Trog
Uskayaw
Vehumet
Wu Jian
Xom
Yredelemnul
Zin
The Shining One


Message History

The salamander hits you from afar with a +0 halberd.
You are engulfed in flames!
* * * LOW HITPOINT WARNING * * *
You hit the hell hound but do no damage.
The hell hound is heavily wounded.
The hell hound bites you but does no damage.
You hit the hell hound but do no damage.
The hell hound is heavily wounded.
You barely miss the hell hound.
The hell hound is heavily wounded.
You block the hell hound's attack.
The salamander hits you from afar with a +0 halberd.
* * * LOW HITPOINT WARNING * * *
You are engulfed in flames!
* * * LOW HITPOINT WARNING * * *
You hit the hell hound but do no damage.
The hell hound is moderately wounded.
The hell hound bites you but does no damage.
You feel very mighty all of a sudden. The salamander barely misses you.
The two-headed ogre closely misses you.
The two-headed ogre hits you but does no damage.
The hell hound bites you but does no damage.
You bludgeon the hell hound!!
You kill the hell hound!
The two-headed ogre closely misses you. The two-headed ogre barely misses you.
The salamander closely misses you.
You hit the two-headed ogre. You burn the two-headed ogre.
The two-headed ogre is heavily wounded.
The salamander hits you but does no damage.
You thump the two-headed ogre! You burn the two-headed ogre.
The two-headed ogre is severely wounded.
You block the two-headed ogre's attack. x2
You catch the helpless two-headed ogre completely off-guard!
You hit the two-headed ogre but do no damage.
The two-headed ogre is severely wounded.
The salamander closely misses you.
The salamander hits you from afar with a +0 halberd.
* * * LOW HITPOINT WARNING * * *
You are engulfed in flames!
You die...

≈≈§§§§. #..~~≈≈≈≈
≈§§§§≈§## ##.~.~~≈≈≈
§≈§≈§§§.§ #..~≈~≈≈≈≈
≈≈§§≈§... ....≈≈≈≈≈
#§§§§≈≈..####..~≈~≈≈≈≈
§§§§§...##..##NN≈≈≈≈≈≈
§≈§≈§≈≈^#.)..#†O≈≈≈≈≈≈
§#≈≈≈§.^'....#@O~≈≈≈≈≈
≈≈≈≈≈≈≈.#....#.~≈≈≈≈≈≈
≈≈≈≈§§≈.##..##..~≈≈≈≈≈
§≈≈§§≈§..####..~≈≈≈≈≈≈
≈≈§§≈.≈........~.~≈≈≈≈
§≈≈§§≈...####..~≈~~≈≈≈
≈≈≈§§...##..##.~.~≈≈≈≈
#§≈≈§§..#....#)~~≈≈≈≈≈
§§≈≈≈.≈.#....).~≈≈≈≈≈≈


You could see 2 salamanders and 2 two-headed ogres.

Vanquished Creatures
  An ogre mage (D:11)
  5 two-headed ogres
  Nergalle (D:11)
  2 ugly things (D:12)
  An orc sorcerer (D:11)
  3 cyclopes
  A manticore (D:11)
  Maurice (D:8)
  Psyche (D:8)
  A komodo dragon (D:12)
  A troll (D:11)
  Prince Ribbit (D:8)
  4 shadows
  6 wyverns
  A wraith (D:10)
  6 vampire mosquitoes (D:10)
  Eustachio (D:4)
  14 yaks
  A fire bat (Volcano)
  3 steam dragons
  Edmund (D:5)
  10 water moccasins
  3 acid dragons
  2 hell hounds (Volcano)
  Duvessa (D:4)
  7 orc warriors
  3 black bears (D:9)
  A sky beast (D:6)
  4 ogres
  A wolf (D:9)
  6 centaurs
  A phantom (D:4)
  3 bullfrogs
  Blork the orc (D:6)
  2 kobold brigands (D:8)
  2 gnoll sergeants
  6 scorpions
  Dowan (D:4)
  23 killer bees
  2 howler monkeys
  6 hounds
  A jelly (D:6)
  5 gnoll boudas
  8 orc priests
  3 iron imps (D:10)
  2 sleepcaps
  5 iguanas
  17 orc wizards
  Robin (D:4)
  6 adders
  19 gnolls
  A shadow imp (D:8)
  2 white imps
  2 ufetubi
  3 worms
  2 dart slugs
  37 orcs
  4 bats
  4 endoplasms
  3 giant cockroaches
  9 goblins
  13 hobgoblins
  21 kobolds
  5 quokkas
  5 ball pythons
  A frilled lizard (D:1)
  6 rats
326 creatures vanquished.

Vanquished Creatures (others)
  4 kobolds (D:8)
  3 plants (D:8)
7 creatures vanquished.

Grand Total: 333 creatures vanquished

Notes
Turn   | Place    | Note
-------+----------+-------------------------------------------
     0 | D:1      | Borgoz the Human Gladiator began the quest for the Orb.
     0 | D:1      | Reached XP level 1. HP: 16/16 MP: 1/1
    74 | D:1      | Reached XP level 2. HP: 22/22 MP: 2/2
   770 | D:2      | Found a hazy altar of Hepliaklqana.
   801 | D:2      | Reached XP level 3. HP: 24/27 MP: 3/3
   959 | D:2      | Reached skill level 1 in Armour
  1350 | D:2      | Reached XP level 4. HP: 25/34 MP: 4/4
  1419 | D:2      | Reached skill level 4 in Staves
  1798 | D:3      | Reached XP level 5. HP: 39/39 MP: 5/5
  2323 | D:3      | Reached XP level 6. HP: 25/47 MP: 6/6
  2423 | D:3      | Found a faded altar of an unknown god.
  2696 | D:4      | Noticed Robin
  2720 | D:4      | Killed Robin
  2927 | D:4      | Found a staircase to the Ecumenical Temple.
  2928 | D:4      | Noticed Eustachio
  2932 | D:4      | Identified the +6 scale mail of Tuet {SInv}
  2964 | D:4      | Killed Eustachio
  2965 | D:4      | Reached skill level 5 in Staves
  2965 | D:4      | Reached XP level 7. HP: 23/52 MP: 7/7
  3472 | D:4      | Noticed Dowan
  3477 | D:4      | Noticed Duvessa
  4126 | D:4      | Killed Duvessa
  4138 | D:4      | Killed Dowan
  4139 | D:4      | Reached XP level 8. HP: 8/60 MP: 8/8
  4478 | D:4      | Reached skill level 6 in Staves
  4724 | Temple   | Entered the Ecumenical Temple
  4737 | D:5      | Entered Level 5 of the Dungeon
  4864 | D:5      | Reached skill level 5 in Dodging
  5034 | D:5      | Noticed Edmund
  5048 | D:5      | Killed Edmund
  5049 | D:5      | Reached skill level 7 in Staves
  5427 | D:5      | Found an opulent altar of Gozag.
  5427 | D:5      | Found an iron altar of Okawaru.
  5430 | D:5      | Identified the +8 hand axe of Oluskiol {chaos, MP+9 Int+7}
  5765 | D:6      | Reached skill level 5 in Fighting
  5765 | D:6      | Reached XP level 9. HP: 63/68 MP: 9/9
  5910 | D:6      | Noticed Blork the orc
  5920 | D:6      | Killed Blork the orc
  6866 | D:7      | Reached skill level 5 in Armour
  6943 | D:7      | Reached skill level 8 in Staves
  7883 | D:8      | Found a blossoming altar of Fedhas.
  8014 | D:8      | Noticed Maurice
  8031 | D:8      | Killed Maurice
  8032 | D:8      | Reached skill level 9 in Staves
  8032 | D:8      | Reached XP level 10. HP: 70/76 MP: 10/10
  8078 | D:8      | Noticed Prince Ribbit
  8092 | D:8      | Killed Prince Ribbit
  8905 | D:8      | Noticed Psyche
  8914 | D:8      | Killed Psyche
  9058 | D:8      | Reached skill level 10 in Staves
  9801 | D:9      | Found a stormy altar of Qazlal.
  9802 | D:9      | Found a basalt altar of Yredelemnul.
  9802 | D:9      | Found an ancient bone altar of Kikubaaqudgha.
  9802 | D:9      | Found a glowing silver altar of Zin.
  9802 | D:9      | Found a shimmering altar of Xom.
  9803 | D:9      | Found a broken altar of Ashenzari.
  9803 | D:9      | Found a bloodstained altar of Trog.
  9805 | D:9      | Found a white marble altar of Elyvilon.
  9805 | D:9      | Found a hide-covered altar of Uskayaw.
  9806 | D:9      | Found a snail-covered altar of Cheibriados.
  9807 | D:9      | Found a radiant altar of Vehumet.
  9807 | D:9      | Found a hazy altar of Hepliaklqana.
  9808 | D:9      | Found a shimmering blue altar of Sif Muna.
  9995 | D:9      | Identified the amulet "Tumm" {Reflect Rampage rF- Will+
                  | Str+7 SH+5}
 10035 | D:9      | Reached XP level 11. HP: 79/84 MP: 11/11
 10261 | D:9      | Reached skill level 11 in Staves
 10344 | D:9      | Found a staircase to the Lair.
 10352 | D:9      | Found a sacrificial altar of Ru.
 10353 | D:9      | Found a shadowy altar of Dithmenos.
 10355 | D:9      | Found an ornate altar of the Wu Jian Council.
 10355 | D:9      | Found a glowing golden altar of the Shining One.
 10898 | D:10     | Entered Level 10 of the Dungeon
 10916 | D:10     | Noticed a two-headed ogre
 10926 | D:10     | Killed a two-headed ogre
 11433 | D:10     | Found a sparkling altar of Nemelex Xobeh.
 11460 | D:10     | Found a staircase to the Orcish Mines.
 11636 | D:10     | Found a burning altar of Makhleb.
 11815 | D:11     | Noticed a manticore
 11819 | D:11     | Noticed Nergalle
 11839 | D:11     | Killed a manticore
 11840 | D:11     | Reached XP level 12. HP: 13/92 MP: 12/12
 11861 | D:11     | Killed Nergalle
 11862 | D:11     | Reached skill level 12 in Staves
 12341 | D:11     | Noticed a two-headed ogre
 12347 | D:11     | Killed a two-headed ogre
 12372 | D:11     | Noticed an ogre mage
 12505 | D:11     | Found a transporter.
 12707 | D:11     | Found a transporter.
 12723 | D:11     | Killed an ogre mage
 13409 | D:12     | Noticed a two-headed ogre
 13420 | D:12     | Killed a two-headed ogre
 13699 | D:12     | Reached skill level 10 in Dodging
 14141 | Lair:1   | Entered Level 1 of the Lair of Beasts
 14188 | Lair:1   | Reached XP level 13. HP: 101/103 MP: 13/13
 14201 | Lair:1   | Found a dark tunnel.
 14209 | Volcano  | Entered a volcano
 14249 | Volcano  | Reached skill level 10 in Fighting
 14366 | Volcano  | Slain by a salamander

Illustrated notes

Levels and vault maps discovered:
D:1:      minmay_arrival_arboretum_large, layout_basic
D:2:      minmay_alternating_diamond, layout_basic, basic_altar, minmay_cut_off
D:3:      layout_loops_ring, chequers_ecumenical_altar_lobes,
          mrwooster_statue_mirror
D:4:      layout_basic, minmay_temple_entry_stoned_glass, uniq_duvessa,
          uniq_robin, uniq_eustachio
D:5:      layout_loops_ring, minitemple, hex_tiny, uniq_edmund
D:6:      layout_loops_corners, minmay_door_square, uniq_blork_the_orc
D:7:      layout_basic
D:8:      kennysheep_housing_project, layout_layer_cave, lemuel_doored_altar,
          grunt_tough_drop, uniq_psyche, uniq_maurice, uniq_prince_ribbit1
D:9:      layout_irregular_city, nicolae_overflows_in_rows,
          mainiacjoe_overflow_alcove_3, minmay_lair_entry_grove
D:10:     layout_irregular_city, demons_altar, nemelex_spade_bored_becter,
          orc_0_dummy, kennysheep_generic_room_12
D:11:     gammafunk_beogh_shrine, layout_gridville, uniq_nergalle
D:12:     layout_roguey, hangedman_decor_growths
Temple:   ebering_the_none_and_only
Lair:1:   kb_forest_paths, layout_small_grid, enter_volcano_1,
          lemuel_fruit_fields, uniq_joseph
Volcano:  volcano_village

Skill      XL: |  1  2  3  4  5  6  7  8  9 10 11 12 13 |
---------------+----------------------------------------+-----
Armour         | 1 2 3 4 5 6 8 9 |  9.8
Staves         | 4 5 7 9 10 11 12 | 12.9
Fighting       | 3 4 5 6 7 8 9 10 | 10.0
Dodging        | 4 5 6 7 8 10 | 10.2
Throwing       | |  2.0

Action                     |  1- 3 |  4- 6 |  7- 9 | 10-12 | 13-15 || total
---------------------------+-------+-------+-------+-------+-------++-------
  Melee: Quarterstaff      |    74 |   186 |   363 |   864 |    49 ||  1536
  Throw: Throwing net      |       |     5 |     7 |     4 |       ||    16
         Javelin           |       |     3 |     5 |     4 |       ||    12
  Evoke: Wand              |       |       |     2 |     8 |       ||    10
    Use: Scroll            |       |     5 |    20 |     9 |       ||    34
         Potion            |       |     4 |     7 |     8 |     5 ||    24
   Stab: Sleeping          |     1 |     1 |       |       |       ||     2
         Held in net/web   |       |     5 |     2 |     2 |       ||     9
         Paralysed         |       |       |     1 |       |       ||     1
         Invisible         |       |       |       |     2 |     5 ||     7
 Armour: Leather armour    |    19 |   121 |       |       |       ||   140
         Scale mail        |       |       |   269 |   395 |    15 ||   679
         Plate armour      |       |       |       |       |    12 ||    12
  Dodge: Dodged            |    47 |   198 |   239 |   553 |    50 ||  1087
  Block: Other             |       |       |       |    90 |    16 ||   106
         Reflection        |       |       |       |     2 |     1 ||     3
